 Dungeon Crawl Stone Soup version 0.22.1-1-ga44c0e5 (webtiles) character file.

36108 brandon the Severer (level 13, -2/122 HPs)
             Began as a Minotaur Berserker on Oct 1, 2018.
             Was a High Priest of Trog.
             Slain by a death yak (14 damage)
             ... on level 5 of the Lair of Beasts.
             The game lasted 00:50:14 (16734 turns).

brandon the Severer (Minotaur Berserker)           Turns: 16734, Time: 00:50:15

Health: -2/122     AC: 21    Str: 23    XL:     13   Next: 51%
Magic:  4/4        EV: 14    Int:  4    God:    Trog [*****.]
Gold:   995        SH:  0    Dex: 14    Spells: 12/12 levels left

rFire    . . .     SeeInvis .   r - +3 broad axe (antimagic)
rCold    . . .     Gourm    .   (no shield)
rNeg     + . .     Faith    .   n - +0 pearl dragon scales
rPois    .         Spirit   .   (helmet restricted)
rElec    .         Reflect  .   J - +2 cloak
rCorr    +         Harm     .   (no gloves)
MR       .....                  (no boots)
Stlth    ..........             G - amulet of the acrobat
HPRegen  0.30/turn              q - +3 ring of protection
MPRegen  0.09/turn              R - ring of resist corrosion

@: no status effects
A: retaliatory headbutt, horns 2
a: Berserk, Trog's Hand, Brothers in Arms, Renounce Religion


You were on level 5 of the Lair of Beasts.
You worshipped Trog.
Trog was extremely pleased with you.
You were not hungry.

You visited 3 branches of the dungeon, and saw 18 of its levels.

You collected 995 gold pieces.

Inventory:

Hand Weapons
 o - a +2 quarterstaff of chaos
 r - a +3 antimagic broad axe (weapon)
 E - a +2 dagger of flaming
 K - the +6 flail "Hiutudei" {crush, rC+ rN+}
   (You found it on level 10 of the Dungeon)

   It inflicts extra damage upon your enemies.
   It protects you from cold.
   It protects you from negative energy.
 M - a +3 battleaxe
 U - the +5 mace of an ossuary {elec, rPois Stlth+}
   (Trog gifted it to you on level 4 of the Lair of Beasts)

   Occasionally, upon striking a foe, it will discharge some electrical energy
   and cause terrible harm.
   It protects you from poison.
   It makes you more stealthy.
Armour
 f - a scarf of repulsion
 n - +0 pearl dragon scales (worn)
 J - a +2 cloak (worn)
Jewellery
 g - an uncursed ring of fire
 q - a +3 ring of protection (left hand)
 G - an amulet of the acrobat (around neck)
 I - an uncursed amulet of magic regeneration
 R - a ring of resist corrosion (right hand)
 W - an uncursed ring of stealth
Wands
 p - a wand of digging (33)
 x - a wand of iceblast (14)
 y - a wand of enslavement (15)
 L - a wand of scattershot (4)
 S - a wand of paralysis (17)
 T - a wand of clouds (9)
Scrolls
 b - 2 scrolls of immolation {unknown}
 e - a scroll of summoning {unknown}
 j - 3 scrolls of random uselessness {unknown}
 l - 10 scrolls of identify
 s - a scroll of blinking
 t - 7 scrolls of remove curse
 v - 5 scrolls of teleportation
 w - 2 scrolls of fear {unknown}
 z - 3 scrolls of magic mapping {unknown}
 A - 3 scrolls of enchant armour {unknown}
 C - a scroll of amnesia {unknown}
 H - 5 scrolls of fog {unknown}
 N - a scroll of acquirement {unknown}
 O - a scroll of vulnerability {unknown}
 P - a scroll of enchant weapon {unknown}
 Q - a scroll of holy word {unknown}
Potions
 a - a potion of brilliance {unknown}
 d - a potion of berserk rage {unknown}
 h - 6 potions of lignification
 i - 2 potions of invisibility {unknown}
 k - 13 potions of curing
 m - 3 potions of mutation
 u - 3 potions of flight {unknown}
 B - a potion of agility
 D - 15 potions of degeneration
 F - 4 potions of haste {unknown}
Comestibles
 c - 25 rations


   Skills:
 * Level 13.2 Fighting
 + Level 18.4(18.8) Axes
 - Level 7.7(14.2) Maces & Flails
 * Level 11.2 Armour
 * Level 7.0 Dodging
 - Level 0.8 Stealth


You had 12 spell levels left.
You didn't know any spells.
Your spell library contained the following spells:

 Spells                   Type           Power        Failure   Level  Hunger
 Animate Skeleton         Necr           N/A          80%         1    ##.....
 Apportation              Tloc           #.....       80%         1    ##.....
 Confusing Touch          Hex            #.....       80%         1    ##.....
 Pain                     Necr           #...         80%         1    ##.....
 Summon Small Mammal      Summ           #...         80%         1    ##.....
 Confuse                  Hex            #.......     99%         3    ####...
 Gell's Gravitas          Tloc           #.........   99%         3    ####...
 Ignite Poison            Fire/Tmut/Pois #.......     99%         3    ####...
 Regeneration             Chrm/Necr      #.........   99%         3    ####...
 Vampiric Draining        Necr           #.........   99%         3    ####...
 Animate Dead             Necr           N/A          100%        4    #####..
 Petrify                  Tmut/Erth      #.......     100%        4    #####..
 Fireball                 Conj/Fire      #.........   100%        5    ######.
 Metabolic Englaciation   Hex/Ice        #.........   100%        5    ######.
 Yara's Violent Unravell  Hex/Tmut       #.........   100%        5    ######.
 Bolt of Fire             Conj/Fire      #.........   100%        6    #######
 Ring of Flames           Chrm/Fire      #.........   100%        7    #######
 Ignition                 Fire           #.........   100%        8    #######


Dungeon Overview and Level Annotations

Branches:
Dungeon (12/15)            Temple (0/1) D:6            Lair (5/6) D:9
  Swamp (0/4) Lair:2       Spider (0/4) Lair:4          Orc (1/2) D:11
  Slime: Lair:5-6

Altars:
Dithmenos
Elyvilon
Fedhas
Kikubaaqudgha
Okawaru
Qazlal
Sif Muna
Uskayaw
Vehumet
Wu Jian
Yredelemnul
Zin
The Shining One


Innate Abilities, Weirdness & Mutations

You reflexively headbutt those who attack you in melee.
You have a pair of horns on your head.


Message History

The death yak is severely wounded.
You hit the death yak but do no damage. The death yak gores you!!
* * * LOW HITPOINT WARNING * * *
Unknown command.
There is a stone staircase leading down here.
You can't go up here!
The death yak gores you.
* * * LOW HITPOINT WARNING * * *
You climb downwards.
There is a stone staircase leading up here.
You slash the death yak!
The death yak is severely wounded.
The death yak gores you but does no damage.
You hit the death yak but do no damage.
The death yak is severely wounded.
The death yak gores you!
* * * LOW HITPOINT WARNING * * *
Your deep troll goes berserk!
You feel quite a bit more hungry. The death yak gores you!
You die...

# ######## ##
..#...P#.####.##.
................
................
...#......##P..# .
#.T.....# .##
#@....=##
#......Y....#
#.....P..........
#............#....
.............(...#
##..#.........#..#
######.....P##..#
........ ..


You could see a death yak and a friendly deep troll (berserk).

Vanquished Creatures
  2 death yaks (Lair:4)
  Nergalle (Lair:3)
  A cyclops (D:11)
  An ugly thing (D:11)
  Maurice (D:8)
  15 elephants
  3 black mambas
  4 centaur zombies
  4 komodo dragons
  Psyche (D:8)
  A gargoyle (D:10)
  7 spiny frogs
  A rime drake (Lair:2)
  A queen bee (D:9)
  A polar bear (Lair:2)
  Grinder (D:3)
  6 hippogriffs
  5 bog bodies (Lair:2)
  4 blink frogs (Lair:4)
  3 slime creatures (D:12)
  6 dream sheep (Lair:3)
  2 redbacks (Lair:4)
  2 wraiths
  23 yaks
  2 wyverns
  Eustachio (D:4)
  A basilisk (Lair:1)
  Grum (D:8)
  2 hungry ghosts (D:10)
  A steam dragon (D:10)
  8 water moccasins
  Duvessa (D:7)
  7 porcupines
  A swamp drake (D:11)
  6 orc warriors
  3 black bears
  An ice beast (D:10)
  4 sky beasts
  A necrophage (D:7)
  5 phantoms
  9 ogres
  19 wolves
  2 centaurs
  4 crocodiles
  5 big kobolds
  15 bullfrogs
  Dowan (D:7)
  2 scorpions
  23 killer bees
  5 wights (D:11)
  2 electric eels
  2 howler monkeys
  7 crimson imps
  A centaur skeleton (D:7)
  Crazy Yiuf (D:3)
  10 orc priests
  8 hounds
  3 jellies
  10 orc wizards
  3 bullfrog skeletons
  7 iguanas
  Natasha (thrice) (D:3)
  6 worker ants
  2 hound skeletons (D:5)
  A worker ant zombie (D:6)
  11 adders
  7 gnolls
  3 shadow imps
  3 adder zombies
  2 adder skeletons
  A worm (D:3)
  4 leopard geckos
  44 orcs
  A ball python (D:3)
  8 giant cockroaches
  2 goblins
  5 hobgoblins
  12 jackals
  3 quokkas
  5 bats
  29 kobolds
  8 rats
  A butterfly (Lair:4)
  A fungus (Lair:2)
  6 plants
448 creatures vanquished.

Vanquished Creatures (collateral kills)
  A hydra (Lair:4)
  A spiny frog (Lair:4)
  An orc warrior (D:7)
  A crocodile (Lair:4)
  A gnoll sergeant (D:7)
  A fungus (Lair:4)
6 creatures vanquished.

Vanquished Creatures (others)
  12 fungi
  4 plants
16 creatures vanquished.

Grand Total: 470 creatures vanquished

Notes
Turn   | Place    | Note
-------+----------+-------------------------------------------
     0 | D:1      | brandon the Minotaur Berserker began the quest for the Orb.
     0 | D:1      | Reached XP level 1. HP: 19/19 MP: 0/0
   149 | D:1      | Reached skill level 4 in Axes
   149 | D:1      | Reached XP level 2. HP: 25/27 MP: 1/1
   807 | D:2      | Reached XP level 3. HP: 33/33 MP: 2/2
  1097 | D:2      | Reached ** piety under Trog
  1416 | D:3      | Reached skill level 5 in Axes
  1533 | D:3      | Noticed Natasha
  1537 | D:3      | Found a faded altar of an unknown god.
  1542 | D:3      | Killed Natasha
  1542 | D:3      | Reached XP level 4. HP: 29/41 MP: 3/3
  1676 | D:3      | Noticed Grinder
  1687 | D:3      | Paralysed by Grinder for 2 turns
  1696 | D:3      | Killed Grinder
  1696 | D:3      | Reached skill level 7 in Axes
  1696 | D:3      | Reached XP level 5. HP: 7/47 MP: 4/4
  1696 | D:3      | Reached XP level 6. HP: 8/53 MP: 5/5
  2260 | D:3      | Noticed Natasha
  2262 | D:3      | Killed Natasha
  2347 | D:3      | Noticed Natasha
  2352 | D:3      | Killed Natasha
  2542 | D:3      | Found an ancient bone altar of Kikubaaqudgha.
  2542 | D:3      | Found an ornate altar of the Wu Jian Council.
  2543 | D:3      | Found an iron altar of Okawaru.
  2632 | D:3      | Found a runed door.
  2710 | D:3      | Noticed Crazy Yiuf
  2716 | D:3      | Killed Crazy Yiuf
  2843 | D:4      | Reached skill level 8 in Axes
  2843 | D:4      | Reached XP level 7. HP: 47/60 MP: 6/6
  3118 | D:4      | Reached skill level 5 in Fighting
  3169 | D:4      | Noticed Eustachio
  3179 | D:4      | Killed Eustachio
  3179 | D:4      | Reached skill level 9 in Axes
  3179 | D:4      | Reached skill level 5 in Armour
  3190 | D:4      | Found a radiant altar of Vehumet.
  3254 | D:4      | Reached *** piety under Trog
  3486 | D:5      | Entered Level 5 of the Dungeon
  3574 | D:5      | Reached XP level 8. HP: 58/69 MP: 7/7
  3778 | D:5      | Reached skill level 10 in Axes
  4473 | D:5      | Found a hide-covered altar of Uskayaw.
  4476 | D:5      | Found a glowing golden altar of the Shining One.
  4958 | D:6      | Reached skill level 11 in Axes
  4967 | D:6      | Found a staircase to the Ecumenical Temple.
  5107 | D:6      | Found a basalt altar of Yredelemnul.
  5166 | D:6      | Found a white marble altar of Elyvilon.
  5465 | D:7      | Found a deep blue altar of Sif Muna.
  5471 | D:7      | Reached **** piety under Trog
  5545 | D:7      | Found a glowing silver altar of Zin.
  5568 | D:7      | Reached XP level 9. HP: 75/75 MP: 8/8
  5673 | D:7      | Noticed Duvessa
  5673 | D:7      | Noticed Dowan
  5683 | D:7      | Killed Duvessa
  5683 | D:7      | Reached skill level 12 in Axes
  5686 | D:7      | Killed Dowan
  6899 | D:8      | Found a stormy altar of Qazlal.
  6909 | D:8      | Found a blossoming altar of Fedhas.
  6959 | D:8      | Reached skill level 13 in Axes
  7041 | D:8      | Noticed Maurice
  7061 | D:8      | Killed Maurice
  7213 | D:8      | Noticed Grum
  7213 | D:8      | Noticed Psyche
  7222 | D:8      | Reached XP level 10. HP: 86/86 MP: 9/9
  7228 | D:8      | Killed Grum
  7254 | D:8      | Killed Psyche
  7733 | D:9      | Reached skill level 14 in Axes
  8179 | D:9      | Reached ***** piety under Trog
  8184 | D:9      | Found a staircase to the Lair.
  8822 | D:9      | Reached skill level 5 in Dodging
  8832 | D:9      | Reached skill level 15 in Axes
  9359 | D:9      | Reached XP level 11. HP: 95/95 MP: 10/10
  9495 | D:10     | Entered Level 10 of the Dungeon
  9559 | D:10     | Found a shadowy altar of Dithmenos.
  9966 | D:10     | Got a brightly glowing flail
  9970 | D:10     | Identified the +6 flail "Hiutudei" {crush, rC+ rN+} (You
                  | found it on level 10 of the Dungeon)
 10533 | D:11     | Reached skill level 5 in Maces & Flails
 10801 | D:11     | Noticed a brown ugly thing
 10809 | D:11     | Killed a brown ugly thing
 10961 | D:11     | Reached ****** piety under Trog
 11033 | D:11     | Found a staircase to the Orcish Mines.
 11041 | D:11     | Received a gift from Trog
 11088 | Orc:1    | Entered Level 1 of the Orcish Mines
 11865 | Lair:1   | Entered Level 1 of the Lair of Beasts
 12153 | Lair:1   | Reached skill level 10 in Fighting
 12155 | Lair:1   | Reached skill level 16 in Axes
 12155 | Lair:1   | Reached XP level 12. HP: 101/106 MP: 3/11
 13245 | Lair:2   | Reached skill level 10 in Armour
 13409 | Lair:2   | Found a staircase to the Swamp.
 13442 | Lair:2   | Reached skill level 17 in Axes
 13606 | Lair:2   | Received a gift from Trog
 14773 | Lair:3   | Noticed Nergalle
 14787 | Lair:3   | Killed Nergalle
 14950 | Lair:3   | Reached skill level 18 in Axes
 14952 | Lair:3   | Reached XP level 13. HP: 112/117 MP: 4/12
 15511 | Lair:4   | Found a hole to the Spider Nest.
 15596 | Lair:4   | Received a gift from Trog
 15599 | Lair:4   | Got an iridescent mace {god gift}
 15769 | Lair:4   | Identified the +5 mace of an ossuary {elec, rPois Stlth+}
                  | (Trog gifted it to you on level 4 of the Lair of Beasts)
 16734 | Lair:5   | Slain by a death yak

Skill      XL: |  1  2  3  4  5  6  7  8  9 10 11 12 13 |
---------------+----------------------------------------+-----
Axes           | 4 5 7 8 9 11 13 15 16 18 | 18.4
Fighting       | 4 5 6 7 8 10 11 13 | 13.2
Armour         | 3 4 5 6 7 9 10 11 | 11.2
Dodging        | 3 4 5 6 7 |  7.0
Maces & Flails | 7 |  7.7
Stealth        | |  0.8

Action                   |  1- 3 |  4- 6 |  7- 9 | 10-12 | 13-15 || total
-------------------------+-------+-------+-------+-------+-------++-------
Melee: Hand axe          |    80 |    64 |   314 |   265 |       ||   723
       Headbutt          |    15 |    16 |    66 |   153 |    40 ||   290
       Flail             |       |       |       |   107 |    23 ||   130
       Broad axe         |       |       |       |   301 |   116 ||   417
Invok: Berserk           |       |     1 |     7 |     5 |     1 ||    14
       Brothers in Arms  |       |       |     1 |       |     3 ||     4
  Use: Scroll            |       |       |     5 |     4 |     2 ||    11
  Eat: Chunk             |     2 |       |     8 |    15 |     5 ||    30
       Ration            |       |     2 |     3 |     5 |     1 ||    11
Armor: Plate armour      |    96 |    12 |       |       |       ||   108
       Animal skin       |     1 |       |       |       |       ||     1
       Pearl dragon scal |       |    14 |   116 |   326 |    84 ||   540
Dodge: Dodged            |    46 |    19 |   129 |   433 |   132 ||   759
       Deflected         |     2 |       |       |       |       ||     2
